 Dungeon Crawl Stone Soup version 0.30-a0-845-g7c6808c8ce (webtiles) character file.

Game seed: 362264880737686941

1283 CowFu the Caller (level 8, -2/60 (67) HPs)
             Began as a Demigod Summoner on Feb 28, 2023.
             Slain by a wight
             ... wielding a +0 war axe
              (5 damage)
             ... on level 6 of the Dungeon on Mar 2, 2023.
             The game lasted 00:19:24 (5319 turns).

CowFu the Caller (Demigod Summoner)                 Turns: 5319, Time: 00:19:24

HP:   -2/60 (67)    AC:  6    Str:  8 (9)  XL:     8   Next: 8%
MP:   13/26         EV: 11    Int: 24 (25) God:
Gold: 808           SH:  4    Dex: 13 (14) Spells: 5/15 levels left

rFire   . . .      SeeInvis .    i - +4 rapier (venom)
rCold   . . .      Faith    .    x - +0 buckler
rNeg    . . .      Spirit   .    a - +0 robe
rPois   .          Reflect  .    (no helmet)
rElec   .          Rampage  .    l - +0 cloak
rCorr   .                        v - +0 pair of gloves
Will    .....                    s - +1 pair of boots
Stlth   ++                       u - amulet of the acrobat
HPRegen 0.30/turn                m - ring of magical power
MPRegen 0.20/turn                p - ring of flight

@: flying, heavily drained
A: high MP 1, forlorn, divine attributes
a: no special abilities


You were on level 6 of the Dungeon.
You visited 2 branches of the dungeon, and saw 7 of its levels.

You collected 1340 gold pieces.
You spent 532 gold pieces at shops.

Inventory:

Hand Weapons
 i - a +4 rapier of venom (weapon)
 B - a +0 spear
Armour
 a - a +0 robe (worn)
 l - a +0 cloak (worn)
 s - a +1 pair of boots (worn)
 v - a +0 pair of gloves (worn)
 x - a +0 buckler (worn)
Magical Staves
 g - a staff of fire
Jewellery
 k - an amulet of guardian spirit
 m - a ring of magical power (left hand)
 p - a ring of flight (right hand)
 u - an amulet of the acrobat (around neck)
 A - a ring of wizardry
Wands
 y - a wand of flame (19)
Scrolls
 d - a scroll of blinking
 e - 2 scrolls of fog
 f - a scroll of teleportation
 h - a scroll of poison
 j - 2 scrolls of identify
Potions
 b - a potion of magic
 c - 3 potions of haste
 n - a potion of flight
 t - a potion of might
 z - a potion of attraction


   Skills:
 - Level 4.6 Fighting
 - Level 1.7 Dodging
 - Level 1.7 Stealth
 - Level 2.3 Shields
 + Level 4.1 Spellcasting
 * Level 6.3 Summonings
 - Level 2.7 Air Magic


You had 5 spell levels left.
You knew the following spells:

 Your Spells              Type           Power      Damage    Failure   Level
a - Summon Small Mammal   Summ           100%       N/A       1%          1
b - Call Imp              Summ           35%        N/A       1%          2
c - Call Canine Familiar  Summ           35%        N/A       2%          3
d - Summon Lightning Spi  Summ/Air       26%        N/A       19%         4

Your spell library contained the following spells:

 Spells                   Type           Power      Damage    Failure   Level
 Poisonous Vapours        Pois/Air       22%        N/A       11%         2
 Summon Guardian Golem    Hex/Summ       20%        N/A       11%         3
 Sting                    Tmut/Pois      16%        1d3       13%         1
 Kindle Blastsparks       Fire/Tloc/Air  18%        2d11      26%         3
 Summon Forest            Summ/Tloc      10%        N/A       67%         5
 Summon Mana Viper        Hex/Summ       20%        N/A       67%         5
 Fulminant Prism          Conj/Hex       2%         3d5       77%         4
 Iskenderun's Mystic Bla  Conj/Tloc      4%         2d3       77%         4
 Olgreb's Toxic Radiance  Pois           4%         N/A       77%         4
 Lee's Rapid Deconstruct  Erth           2%         3d4*      98%         5
 Summon Cactus Giant      Summ           17%        N/A       82%         6


Dungeon Overview and Level Annotations

Branches:
Dungeon (6/15)             Temple (1/1) D:5

Shops:
D:4 :


Innate Abilities, Weirdness & Mutations

You have an increased reservoir of magic. (+10% MP)
You shall have no god before yourself.
Your divine heritage dramatically boosts your attributes as you level up.


Message History

You feel sick.
Your bat hits the wight but does no damage.
The wight hits you with a +2 dagger of freezing.
The wight freezes you.
* * * LOW HITPOINT WARNING * * *
The wight hits you with a +0 war axe.
* * * LOW HITPOINT WARNING * * *
You feel drained. The wight completely misses your hound.
Casting: Call Imp (safe; 1% risk of failure)
Confirm with . or Enter, or press ? or * to list all spells.
You feel very sick.
Your bat barely misses the wight.
Your bat closely misses the wight.
Your hound closely misses the wight.
The wight hits you with a +0 war axe.
* * * LOW HITPOINT WARNING * * *
You feel drained.
The wight hits your hound with a +0 war axe.
The wight hits you but does no damage.
Your hound bites the wight.
* * * LOW HITPOINT WARNING * * *
You feel sick.
Your bat barely misses the wight.
Your hound bites the wight.
The wight hits your white imp with a +2 dagger of freezing!
Your white imp barely misses the wight.
You feel better.
Your bat barely misses the wight.
Your hound bites the wight but does no damage.
The wight hits you with a +0 war axe.
* * * LOW HITPOINT WARNING * * *
You feel drained.
* * * LOW HITPOINT WARNING * * *
The wight misses your hound. The wight closely misses your bat.
The wight closely misses your white imp.
The wight hits your hound with a +2 dagger of freezing.
The wight freezes your hound.
Your white imp gestures at the wight.
The puff of frost hits the wight.
The wight resists.
Your hound misses the wight. You hit the wight but do no damage.
The wight is moderately damaged.
Your bat hits the wight but does no damage.
Your bat barely misses the wight. x2; Your hound closely misses the wight.
The wight hits you with a +0 war axe.
You die...

... #.#
####.##
#..$..#...
#...?.....
##.####..
##zr##
#5zh.#
#.@b.#
####.# .#
##


You could see 2 wights, a friendly hound (summoned), a friendly white imp
(summoned), a friendly quokka (summoned) and a friendly bat (summoned).

Vanquished Creatures
  Eustachio (D:5)
  A phantom (D:5)
  2 wights (D:6)
  2 hounds (D:4)
  4 adders
  A worm (D:3)
  3 orcs
  3 ball pythons
  2 endoplasms (D:1)
  3 goblins (D:1)
  A jackal (D:4)
  A quokka (D:1)
  A bat (D:1)
  2 frilled lizards
  2 kobolds
  3 rats
32 creatures vanquished.

Vanquished Creatures (collateral kills)
  2 water moccasins (D:5)
  2 ogres (D:5)
  A kobold brigand (D:4)
  2 hounds (D:5)
  2 orc priests
  Natasha (twice) (D:2)
  3 orc wizards
  An iguana (D:5)
  3 adders
  A white imp (D:4)
  2 ufetubi
  4 worms
  A dart slug (D:5)
  9 orcs
  3 ball pythons
  5 bats
  6 endoplasms
  2 giant cockroaches (D:2)
  3 goblins
  5 hobgoblins
  2 jackals (D:2)
  3 quokkas
  2 frilled lizards
  5 kobolds
  7 rats
78 creatures vanquished.

Grand Total: 110 creatures vanquished

Notes
Turn   | Place    | Note
-------+----------+-------------------------------------------
     0 | D:1      | CowFu the Demigod Summoner began the quest for the Orb.
     0 | D:1      | Reached XP level 1. HP: 14/14 MP: 5/5
   211 | D:1      | Reached skill level 1 in Fighting
   227 | D:1      | Reached XP level 2. HP: 8/23 MP: 4/7
   357 | D:1      | Learned a level 2 spell: Call Imp
   479 | D:1      | Reached skill level 4 in Summonings
  1038 | D:2      | Reached XP level 3. HP: 23/29 MP: 8/8
  1292 | D:2      | Noticed Natasha
  1299 | D:2      | Killed Natasha
  1339 | D:2      | Reached XP level 4. HP: 37/37 MP: 9/9
  1898 | D:2      | Noticed Natasha
  1912 | D:2      | Killed Natasha
  2336 | D:3      | Reached XP level 5. HP: 29/44 MP: 11/11
  2338 | D:3      | Upgraded the game from 0.30-a0-830-gfe289a77b0 to
                  | 0.30-a0-840-ga523dec638
  3024 | D:3      | Upgraded the game from 0.30-a0-840-ga523dec638 to
                  | 0.30-a0-845-g7c6808c8ce
  3261 | D:4      | Reached skill level 5 in Summonings
  3468 | D:4      | Learned a level 3 spell: Call Canine Familiar
  3561 | D:4      | Reached XP level 6. HP: 44/51 MP: 13/13
  3566 | D:4      | Learned a level 4 spell: Summon Lightning Spire
  3796 | D:4      | Reached skill level 1 in Air Magic
  3850 | D:4      | Found Xezuang's Book Shoppe.
  4106 | D:5      | Entered Level 5 of the Dungeon
  4123 | D:5      | Noticed a water moccasin
  4134 | D:5      | Killed a water moccasin
  4135 | D:5      | Reached skill level 1 in Shields
  4135 | D:5      | Reached XP level 7. HP: 59/59 MP: 15/15
  4306 | D:5      | Found a staircase to the Ecumenical Temple.
  4468 | D:5      | Noticed Eustachio
  4493 | D:5      | Killed Eustachio
  4496 | D:5      | HP: 2/60 [poisoned by Eustachio]
  4787 | D:5      | Reached skill level 6 in Summonings
  5128 | D:5      | Identified a scroll of acquirement
  5128 | D:5      | Acquired 1074 gold pieces
  5167 | D:4      | Bought a book of the Wilderness for 532 gold pieces
  5202 | Temple   | Entered the Ecumenical Temple
  5291 | D:6      | Reached XP level 8. HP: 65/67 MP: 17/17
  5318 | D:6      | HP: 3/60 [wight/+0 war axe (3)]
  5319 | D:6      | Slain by a wight

Illustrated notes

Levels and vault maps discovered:
D:1:      elethiomel_arrival_diamonds, layout_rooms, kennysheep_minor_cross
D:2:      layout_basic, nicolae_figureground_sparkle, uniq_natasha
D:3:      minmay_general_purpose_star, layout_loops_ring,
          mainiacjoe_overflow_alcove_4
D:4:      layout_loops_ring, serial_shops, kennysheep_mini_moat
D:5:      layout_rooms, minitemple, temple_statues, kennysheep_small_square,
          uniq_eustachio
D:6:      layout_cave_pools
Temple:   nicolae_temple_superstar

Skill      XL: |  1  2  3  4  5  6  7 |
---------------+----------------------+-----
Fighting       | 1 2 3 4 |  4.6
Summonings     | 4 5 6 |  6.3
Spellcasting   | 2 3 4 |  4.1
Air Magic      | 1 2 |  2.7
Shields        | 1 2 |  2.3
Dodging        | |  1.7
Stealth        | |  1.7

Action                     |  1- 3 |  4- 6 |  7- 9 || total
---------------------------+-------+-------+-------++-------
  Melee: Staff             |    77 |    99 |    14 ||   190
         Unarmed           |     5 |       |       ||     5
         Punch             |     1 |       |       ||     1
         Rapier            |       |       |    33 ||    33
         Spear             |       |       |    11 ||    11
   Cast: Summon Small Mamm |    28 |    32 |    15 ||    75
         Call Imp          |    15 |    27 |    11 ||    53
         Call Canine Famil |       |     5 |     6 ||    11
    Use: Scroll            |       |       |     9 ||     9
         Potion            |       |       |     7 ||     7
   Stab: Distracted        |     2 |       |     1 ||     3
         Sleeping          |     1 |     2 |       ||     3
 Armour: Robe              |    27 |    35 |    21 ||    83
  Dodge: Dodged            |    81 |   100 |    56 ||   237
  Block: Buckler           |       |       |     6 ||     6

Table legend: (Time is in decaauts)
 A = Elapsed time spent in this place.
 B = Non-inter-level travel time spent in this place.
 C = Inter-level travel time spent in this place.
 D = Time resting spent in this place.
 E = Time spent auto-exploring this place.
 F = Levels seen in this place.
 G = Mean time per level.
                   A        B        C        D        E       F      G
               +--------+--------+--------+--------+--------+-----+--------+
         Total |   5345 |   5118 |    227 |      0 |   3348 |   7 |  763.6 |
       Dungeon |   5301 |   5085 |    216 |      0 |   3323 |   6 |  883.5 |
        Temple |     44 |     33 |     11 |      0 |     25 |   1 |   44.0 |
               +--------+--------+--------+--------+--------+-----+--------+

Top non-repeatable levels by time:
     D:3: 1095 daAuts
     D:5: 1082 daAuts
     D:4: 1050 daAuts
     D:2: 1024 daAuts
     D:1: 1004 daAuts
  Temple: 44 daAuts
     D:6: 43 daAuts
